Map: Acid Plant LE

Players

Vrajitoru - Winner!

  • Race: Zerg Zerg
  • League: Silver
  • Spawn Location: 5:00

A.I. 1 (Hard)

  • Race: Terran Terran
  • Spawn Location: 11:00

VOD

Have the link to the VOD?

Description

Time

  • Played on: Aug. 10, 2018, 11:18 a.m.
  • Length: 13:00
Show
View Real Time Build Order
Export as new Build Order

Vrajitoru Zerg - Winner!

Build Orders: Hatch First 

Get SALT Encoding   

  12  0:02  Drone  
  13  0:13  Overlord  
  14  0:21  Drone  
  14  0:31  Drone x2  
  14  0:35  Drone  
  17  0:46  Drone  
  18  1:05  Hatchery  
  18  1:07  Drone  
  18  1:13  Spawning Pool  
  18  1:18  Extractor  
  16  1:19  Drone  
  16  1:22  Drone  
  18  1:38  Drone  
  19  1:46  Overlord  
  19  2:05  Queen  
  21  2:17  Drone, Queen  
  24  2:24  Zergling x6  
  27  2:31  Drone  
  28  2:38  Metabolic Boost  
  28  2:49  Overlord  
  28  2:50  Drone  
  29  3:09  Drone x3  
  29  3:10  Drone  
  33  3:16  Drone  
  33  3:18  Drone  
  35  3:23  Lair  
  35  3:30  Extractor  
  34  3:35  Extractor  
  33  3:58  Spine Crawler  
  33  4:00  Spine Crawler, Drone x2  
  33  4:01  Drone x3  
  36  4:15  Overlord  
  36  4:39  Overseer  
  36  4:43  Spine Crawler  
  36  4:44  Hydralisk Den  
  34  4:55  Pneumatized Carapace  
  34  5:01  Zergling x2  
  34  5:02  Zergling x2  
  34  5:03  Zergling x4  
  34  5:04  Zergling x4  
  40  5:47  Drone x2  
  40  5:48  Drone x3  
  40  5:49  Drone x2  
  47  6:01  Overseer  
  47  6:19  Hydralisk  
  47  6:20  Hydralisk  
  43  7:22  Hydralisk x3  
  48  7:35  Overlord x5  
  48  7:52  Muscular Augments  
  48  7:57  Hydralisk x4  
  56  8:15  Queen x2  
  60  8:28  Spore Crawler  
  60  8:33  Spore Crawler  
  58  8:41  Overseer  
  58  8:49  Evolution Chamber  
  58  8:51  Evolution Chamber  
  56  9:02  Hydralisk x2  
  56  9:03  Hydralisk x3, Grooved Spines  
  56  9:04  Hydralisk x3  
  56  9:05  Hydralisk x2  
  56  9:06  Hydralisk x2  
  80  9:10  Overlord x2  
  80  9:11  Overlord x4  
  80  9:38  Zerg Missile Weapons Level 1, Zerg Ground Armor Level 1  
  80  9:40  Hydralisk x4  
  80  9:41  Hydralisk x4  
  96  10:04  Hatchery  
  77  11:03  Hydralisk x4  
  77  11:04  Hydralisk x7  
  83  11:05  Hydralisk  
  87  12:04  Zergling x12  
  93  12:24  Infestation Pit  
Show
View Real Time Build Order
Export as new Build Order

A.I. 1 (Hard) Terran 

Build Orders: MMM Bio 

Get SALT Encoding   

  12  0:00  SCV  
  13  0:13  SCV  
  14  0:18  Supply Depot  
  14  0:25  SCV  
  15  0:40  SCV  
  15  0:42  Barracks  
  16  0:50  Refinery  
  16  0:52  SCV  
  17  1:04  SCV  
  18  1:16  SCV  
  19  1:20  Supply Depot  
  19  1:29  SCV, Marine  
  21  1:41  Orbital Command, Barracks  
  21  1:47  Marine  
  21  1:49  Refinery  
  22  2:05  Barracks Tech Lab  
  22  2:09  Supply Depot  
  22  2:23  Marine  
  23  2:31  Marine  
  24  2:41  Supply Depot, Marine  
  25  2:49  Marine  
  26  2:58  Marine  
  27  3:07  Marine  
  28  3:16  Supply Depot, Marine  
  28  3:17  SCV  
  30  3:25  Marine  
  31  3:28  Engineering Bay  
  31  3:29  SCV  
  32  3:35  Marauder  
  35  3:41  SCV  
  35  3:43  Marine  
  36  3:53  SCV  
  37  3:55  Marine  
  38  4:05  SCV  
  39  4:14  Marauder  
  41  4:17  SCV  
  41  4:29  SCV  
  42  4:35  Marauder  
  44  4:57  Marauder  
  46  5:18  Marauder  
  47  6:15  Barracks Tech Lab  
  47  6:16  Stimpack, Terran Infantry Weapons Level 1  
  47  6:19  Factory  
  47  6:23  Factory, Command Center  
  47  6:26  Supply Depot  
  47  6:27  Missile Turret  
  47  6:28  Missile Turret  
  47  6:31  Barracks  
  47  6:33  Combat Shield  
  47  6:48  Bunker  
  47  7:00  Marine  
  41  7:03  Factory Tech Lab  
  41  7:07  Starport  
  41  7:08  Marine  
  32  7:12  Starport  
  32  7:13  Factory Tech Lab  
  32  7:18  Marine  
  33  7:23  Marine  
  32  7:31  Marine  
  32  7:35  SCV  
  32  7:36  SCV  
  35  7:39  Marine  
  35  7:41  Refinery  
  36  7:44  Missile Turret  
  36  7:46  Missile Turret  
  36  7:47  SCV, Marine  
  36  7:48  SCV  
  36  7:50  Refinery, Starport Tech Lab x2  
  39  7:56  Marauder  
  40  7:59  Sensor Tower, SCV  
  40  8:01  SCV  
  40  8:03  Marine  
  43  8:07  Bunker  
  43  8:09  Raven  
  43  8:10  Raven  
  43  8:11  Siege Tank, Terran Infantry Armor Level 1, SCV  
  51  8:13  SCV  
  51  8:14  Armory  
  51  8:19  Siege Tank  
  55  8:20  Barracks Reactor  
  55  8:23  SCV  
  55  8:25  SCV  
  57  8:27  Marauder  
  57  8:31  Concussive Shells  
  59  8:35  SCV  
  59  8:37  SCV  
  61  8:43  Cyclone  
  61  8:47  SCV  
  64  8:49  SCV  
  65  9:00  SCV  
  65  9:01  SCV  
  67  9:12  SCV  
  67  9:13  SCV  
  69  9:17  Supply Depot  
  69  9:24  SCV  
  70  9:25  SCV  
  71  9:36  SCV  
  72  10:04  Unknown  
  72  10:19  Unknown  
  72  10:20  Unknown  
  72  10:21  Thor, Medivac  
  72  10:22  Medivac  
  72  10:24  Supply Depot  
  82  10:32  Command Center  
  82  10:42  Siege Tank  
  80  10:48  Supply Depot  
  63  10:50  Marine  
  63  10:51  Raven, Medivac  
  68  10:58  Marine  
  63  11:06  Hellion  
  63  11:09  Marauder  
  62  11:15  Hellion  
  62  11:16  Marauder  
  59  11:21  Raven  
  52  11:31  Marauder  
  46  11:34  Viking  
  46  11:36  Hellion  
  34  11:49  SCV  
  34  11:51  SCV  
  34  11:52  Marauder, Refinery  
  35  11:57  Hellion  
  29  12:04  Viking  
  29  12:07  Marine  
  28  12:14  SCV  
  24  12:18  Marine  
  19  12:26  SCV, Hellion  
  12  12:38  SCV  
Tags
 
Composition
MMM Bio
League
Silver
Matchup
TvZ
Spawn Locations
Cross Positions
Add a new tag
Caveats
  • Supply blocks, unpowered buildings, or Contaminate may cause inaccurate times.
  • Supply counts are checked every 10 seconds.